 Dungeon Crawl Stone Soup version 0.17-a0-1910-g4c791fa (webtiles) character file.

56 Goblin1989 the Insei (level 4, -2/32 HPs)
             Began as a Human Transmuter on Sept 25, 2015.
             Slain by a worm (5 damage)
             ... on level 2 of the Dungeon.
             The game lasted 00:04:18 (1555 turns).

Goblin1989 the Insei (Human Transmuter)             Turns: 1555, Time: 00:04:18

Health: -2/32      AC:  2    Str: 11    XL:     4   Next: 15%
Magic:  4/7        EV: 12    Int: 14    God:
Gold:   36         SH:  0    Dex: 13    Spells: 1 memorised, 6 levels left

rFire  . . .     SeeInvis .       - Unarmed
rCold  . . .     Clarity  .     b - +0 robe
rNeg   . . .     SustAt   .     (no shield)
rPois  .         Gourm    .     (no helmet)
rElec  .         Spirit   .     (no cloak)
rCorr  .         Warding  .     (no gloves)
rMut   .         Stasis   .     (no boots)
MR     .....                    (no amulet)
Stlth  +.........               (no ring)
                                (no ring)

@: lethally poisoned (-2 -> -5), appendage, not resistant to hostile
enchantments, very unstealthy
A: horns 2
a: End Transformation


You were on level 2 of the Dungeon.
You were not hungry.
You had grown temporary horns.
You visited 1 branch of the dungeon, and saw 2 of its levels.

You collected 36 gold pieces.

Inventory:

Missiles
 a - 36 arrows
Armour
 b - a +0 robe (worn)
Jewellery
 g - an uncursed ring of flight {unknown}
Scrolls
 e - 2 scrolls of identify {unknown}
Books
 c - a book of Changes

   Spells                             Type                      Level
   a - Beastly Appendage              Transmutation                1
   b - Sticks to Snakes               Transmutation                2
   c - Spider Form                    Transmutation/Poison         3
   d - Ice Form                       Ice/Transmutation            4
   e - Blade Hands                    Transmutation                5
Comestibles
 d - a bread ration
 f - 3 fruits


   Skills:
 - Level 1.0 Fighting
 - Level 2.0 Dodging
 + Level 4.7 Unarmed Combat
 - Level 2.0 Spellcasting
 - Level 2.0 Transmutations


You had 6 spell levels left.
You knew the following spells:

 Your Spells              Type           Power        Failure   Level  Hunger
a - Beastly Appendage     Trmt           #.....       12%         1    ##.....


Dungeon Overview and Level Annotations

Branches:
Dungeon (2/15)

Altars:

Annotations:
D:1 1 runed door


Innate Abilities, Weirdness & Mutations

You have a pair of horns on your head.


Message History

The adder completely misses you.
You punch the adder!
You kill the adder!
You have reached level 4!
You feel stronger.
* * * LOW HITPOINT WARNING * * *
You feel sick.
Casting: Beastly Appendage
Confirm with . or Enter, or press ? or * to list all spells.
You fail to extend your transformation any further.
You hit the worm.
The worm is moderately wounded.
You hit the worm.
The worm is moderately wounded.
* * * LOW HITPOINT WARNING * * *
You feel sick. The worm closely misses you.
You barely miss the worm.
The worm is moderately wounded.
The worm bites you.
You die...

#######........ 8.
#.......#8###8# #...
#......>###### #...
#.#..........# ##...
#.##....#...## . #8...
#.####w.#####
..##..[##.# #..#
..........####..#####
...........@w.........
.....#..##.###........
........##..##..######
.......<###..#..#
....#.......รท...##
...###..####.....## ..
#..# #..#..... .
#..####.)##.##.
.........##.#


You could see a worm.

Vanquished Creatures
  2 adders (D:2)
  A worm (D:1)
  2 giant geckos (D:1)
  A ball python (D:1)
  2 bats (D:1)
  3 giant cockroaches (D:1)
  10 goblins
  3 hobgoblins (D:1)
  5 kobolds
  A rat (D:1)
30 creatures vanquished.

Notes
Turn   | Place    | Note
--------------------------------------------------------------
     0 | D:1      | Goblin1989 the Human Transmuter began the quest for the Orb.
     0 | D:1      | Reached XP level 1. HP: 15/15 MP: 3/3
    20 | D:1      | Found a runed door.
    89 | D:1      | Reached XP level 2. HP: 18/21 MP: 3/5
   101 | D:1      | HP: 1/21 [goblin/dagger (5)]
   702 | D:1      | Reached skill level 4 in Unarmed Combat
   702 | D:1      | Reached XP level 3. HP: 23/26 MP: 4/6
  1551 | D:2      | Reached XP level 4. HP: 4/32 MP: 5/7
  1555 | D:2      | Slain by a worm

Vault maps used:
D:1:      dpeg_arrival_caged_fury, st_stairs_11
D:2:      serial_corexii_hall, corexii_hall_statues_x, corexii_hall_statues_i,
          corexii_hall_statues_i, corexii_hall_statues_t,
          corexii_hall_statues_x, corexii_hall_statues_x

Action                   |  1- 3 |  4- 6 || total
-------------------------+-------+-------++-------
Melee: Unarmed           |   112 |     3 ||   115
 Cast: Beastly Appendage |    23 |     1 ||    24
  Use: Potion            |     1 |       ||     1
  Eat: Meat ration       |     1 |       ||     1
